[ AOE2 MATCH · #458317849 ]
UnrankedMalians vs Lithuanians
[ REPLAY ANALYSIS · EXTRACTED FROM THE RECORDED GAME ]
Feudal
12:54
Castle
18:15
Imperial
34:47
| APM avg | 21.4 |
| APM peak | 42 |
| eAPM avg | 12.5 |
| Villagers / military | 131 / 76 |
Focus
⚔️ 23.4% · 🌾 76.6%
Camel Scout ×43 · Fishing Ship ×18 · Gbeto ×11 · Trebuchet (Packed) ×7 · Galley ×6 · Fire Galley ×4
Feudal
11:04
Castle
19:01
Imperial
—
| APM avg | 17.1 |
| APM peak | 46 |
| eAPM avg | 10.7 |
| Villagers / military | 62 / 41 |
Focus
⚔️ 24.4% · 🌾 75.6%
Leitis ×18 · Knight ×14 · Fishing Ship ×11 · Unknown (2626) ×9 · Militia ×3 · Battering Ram ×3
Feudal
14:21
Castle
19:18
Imperial
29:15
| APM avg | 18.5 |
| APM peak | 39 |
| eAPM avg | 11.9 |
| Villagers / military | 55 / 145 |
Focus
⚔️ 29.8% · 🌾 70.2%
Berserk ×109 · Fishing Ship ×56 · Longboat ×23 · Cannon Galleon ×8 · Trebuchet (Packed) ×5
Feudal
11:34
Castle
18:47
Imperial
39:08
| APM avg | 46.8 |
| APM peak | 119 |
| eAPM avg | 24.1 |
| Villagers / military | 98 / 62 |
Focus
⚔️ 29.3% · 🌾 70.7%
Magyar Huszar ×60 · Cavalry Archer ×2
Feudal
12:34
Castle
21:08
Imperial
38:18
| APM avg | 21.3 |
| APM peak | 42 |
| eAPM avg | 11.8 |
| Villagers / military | 55 / 44 |
Focus
⚔️ 31.7% · 🌾 68.3%
Archer ×29 · Fishing Ship ×11 · Unknown (2550) ×6 · Skirmisher ×5 · Mangonel ×3 · Monk ×2
Feudal
12:18
Castle
29:41
Imperial
—
| APM avg | 21.3 |
| APM peak | 39 |
| eAPM avg | 14.3 |
| Villagers / military | 92 / 50 |
Focus
⚔️ 24.3% · 🌾 75.7%
Knight ×36 · Fishing Ship ×21 · Demolition Raft ×14
Match map
Initial resources + every placement click. Lines = walls · curves = elevation contours. ◆ gold · ⬟ stone · ● berries · ✦ relic · ◌ wall gap
Your base· ✓ Map-separated
MooCow's base· ✓ Map-separated
chrske's base· ✓ Map-separated
Anark's base· ✓ Map-separated
gabriellustosagr's base· Open — 1t gap
skefre's base· Open — 2t gap
Smoothed initial terrain · ◌ = detected wall gap · hover for details
Inputs per minute
— swiftarcher2 - - MooCow
Build order — swiftarcher2
First 150 of 292 actions detected
| 0:10 | Build | Dock |
| 1:44 | Build | Town Center |
| 1:57 | Create | Fishing Ship |
| 2:07 | Build | House |
| 2:27 | Build | House |
| 2:47 | Create | Villager (Male) |
| 2:47 | Create | Villager (Male) |
| 2:47 | Create | Villager (Male) |
| 2:48 | Create | Villager (Male) |
| 3:45 | Create | Fishing Ship |
| 3:57 | Create | Villager (Male) |
| 4:27 | Create | Fishing Ship |
| 4:40 | Create | Villager (Male) |
| 4:41 | Create | Villager (Male) |
| 5:09 | Build | House |
| 5:27 | Create | Villager (Male) |
| 5:28 | Create | Fishing Ship |
| 5:37 | Build | Mill |
| 5:38 | Create | Villager (Male) |
| 5:51 | Create | Villager (Male) |
| 6:01 | Create | Fishing Ship |
| 6:20 | Build | House |
| 6:36 | Create | Fishing Ship |
| 6:50 | Create | Villager (Male) |
| 7:12 | Build | Mining Camp |
| 7:14 | Create | Villager (Male) |
| 7:19 | Build | House |
| 7:35 | Create | Villager (Male) |
| 7:42 | Create | Villager (Male) |
| 7:43 | Create | Fishing Ship |
| 8:04 | Create | Villager (Male) |
| 8:05 | Create | Fishing Ship |
| 8:13 | Build | House |
| 8:15 | Create | Villager (Male) |
| 8:23 | Research | Loom |
| 8:24 | Create | Villager (Male) |
| 8:42 | Build | House |
| 9:29 | Create | Villager (Male) |
| 9:29 | Create | Villager (Male) |
| 9:32 | Create | Villager (Male) |
| 9:39 | Create | Fishing Ship |
| 9:39 | Create | Fishing Ship |
| 10:20 | Build | Barracks |
| 10:22 | Create | Villager (Male) |
| 10:45 | Research | Feudal Age |
| 11:05 | Create | Villager (Male) |
| 11:05 | Create | Villager (Male) |
| 11:14 | Create | Fishing Ship |
| 11:18 | Create | Militia |
| 11:32 | Create | Fishing Ship |
| 11:56 | Create | Villager (Male) |
| 12:15 | Build | Dock |
| 12:35 | Build | Lumber Camp |
| 12:52 | Build | House |
| 12:54 | Age | Feudal Age |
| 13:28 | Build | Lumber Camp |
| 13:30 | Create | Villager (Male) |
| 13:30 | Create | Villager (Male) |
| 13:51 | Create | Fire Galley |
| 14:07 | Create | Villager (Male) |
| 14:26 | Build | Market |
| 14:31 | Build | Blacksmith |
| 14:36 | Create | Villager (Male) |
| 14:36 | Create | Villager (Male) |
| 14:49 | Create | Fire Galley |
| 14:53 | Create | Fire Galley |
| 15:13 | Create | Villager (Male) |
| 15:14 | Create | Villager (Male) |
| 15:14 | Create | Villager (Male) |
| 15:35 | Research | Castle Age |
| 15:36 | Create | Villager (Male) |
| 15:36 | Create | Villager (Male) |
| 15:37 | Create | Villager (Male) |
| 15:44 | Build | Mining Camp |
| 17:05 | Create | Villager (Male) |
| 17:05 | Create | Villager (Male) |
| 17:06 | Create | Villager (Male) |
| 17:06 | Create | Villager (Male) |
| 17:21 | Create | Villager (Male) |
| 17:21 | Create | Villager (Male) |
| 17:22 | Create | Villager (Male) |
| 17:35 | Build | Dock |
| 17:42 | Build | Dock |
| 18:11 | Create | Villager (Male) |
| 18:12 | Create | Villager (Male) |
| 18:15 | Age | Castle Age |
| 18:15 | Create | Fire Galley |
| 18:22 | Create | Villager (Male) |
| 18:23 | Create | Villager (Male) |
| 18:23 | Create | Villager (Male) |
| 18:30 | Build | Town Center |
| 19:05 | Create | Villager (Male) |
| 19:16 | Build | House |
| 19:51 | Create | Villager (Male) |
| 20:00 | Create | Villager (Male) |
| 20:07 | Build | Farm |
| 20:10 | Build | Farm |
| 20:11 | Build | Farm |
| 20:12 | Build | Farm |
| 20:30 | Research | War Galley (upgrade) |
| 20:42 | Build | Dock |
| 20:43 | Create | Villager (Male) |
| 20:44 | Create | Villager (Male) |
| 21:13 | Create | Villager (Male) |
| 21:13 | Create | Villager (Male) |
| 21:14 | Create | Villager (Male) |
| 21:20 | Create | Villager (Male) |
| 21:20 | Create | Villager (Male) |
| 21:29 | Create | Galley |
| 21:30 | Create | Galley |
| 21:33 | Create | Galley |
| 21:33 | Create | Galley |
| 21:37 | Create | Galley |
| 21:37 | Create | Galley |
| 21:38 | Create | Villager (Male) |
| 21:46 | Create | Villager (Male) |
| 21:47 | Create | Villager (Male) |
| 21:54 | Build | Farm |
| 21:57 | Build | Farm |
| 22:08 | Build | House |
| 22:14 | Build | House |
| 22:25 | Build | Farm |
| 22:27 | Create | Villager (Male) |
| 22:28 | Create | Villager (Male) |
| 22:28 | Create | Villager (Male) |
| 22:41 | Create | Villager (Male) |
| 22:42 | Create | Villager (Male) |
| 22:53 | Build | Town Center |
| 23:06 | Create | Villager (Male) |
| 23:06 | Create | Villager (Male) |
| 23:08 | Create | Fishing Ship |
| 23:08 | Create | Fishing Ship |
| 23:12 | Create | Fishing Ship |
| 23:12 | Create | Fishing Ship |
| 23:14 | Create | Fishing Ship |
| 23:15 | Create | Fishing Ship |
| 23:52 | Build | Farm |
| 23:56 | Build | Farm |
| 23:56 | Create | Villager (Male) |
| 23:57 | Create | Villager (Male) |
| 24:13 | Build | Stable |
| 24:14 | Create | Villager (Male) |
| 24:15 | Create | Villager (Male) |
| 24:22 | Build | House |
| 24:25 | Research | Double-Bit Axe |
| 24:30 | Research | Wheelbarrow |
| 24:30 | Create | Villager (Male) |
| 24:31 | Create | Villager (Male) |
| 24:52 | Create | Villager (Male) |
| 24:52 | Create | Villager (Male) |
Build order — MooCow
First 150 of 211 actions detected
| 0:24 | Build | Dock |
| 0:47 | Build | House |
| 0:49 | Build | House |
| 1:02 | Build | House |
| 1:06 | Create | Fishing Ship |
| 2:36 | Build | Town Center |
| 3:31 | Create | Fishing Ship |
| 3:52 | Create | Villager (Male) |
| 3:52 | Create | Villager (Male) |
| 3:54 | Create | Villager (Male) |
| 4:17 | Create | Fishing Ship |
| 4:58 | Create | Villager (Male) |
| 5:00 | Create | Fishing Ship |
| 5:11 | Create | Villager (Male) |
| 5:33 | Create | Villager (Male) |
| 5:37 | Create | Fishing Ship |
| 5:49 | Build | House |
| 6:00 | Create | Villager (Male) |
| 6:23 | Create | Fishing Ship |
| 6:45 | Create | Villager (Male) |
| 6:55 | Create | Villager (Male) |
| 6:55 | Create | Villager (Male) |
| 7:43 | Create | Villager (Male) |
| 8:02 | Build | Mining Camp |
| 8:18 | Build | Mill |
| 8:27 | Create | Villager (Male) |
| 8:36 | Build | House |
| 8:38 | Build | House |
| 8:54 | Research | Feudal Age |
| 8:57 | Create | Fishing Ship |
| 9:38 | Build | Lumber Camp |
| 9:44 | Create | Fishing Ship |
| 10:01 | Build | Mill |
| 10:19 | Build | House |
| 10:48 | Research | Loom |
| 11:04 | Age | Feudal Age |
| 11:12 | Research | Tech 906 |
| 11:13 | Create | Villager (Male) |
| 12:02 | Create | Villager (Male) |
| 12:04 | Research | Wheelbarrow |
| 12:09 | Research | Double-Bit Axe |
| 12:12 | Research | Horse Collar |
| 12:15 | Create | Villager (Male) |
| 12:18 | Create | Demolition Raft |
| 13:07 | Create | Fishing Ship |
| 13:08 | Create | Fishing Ship |
| 13:55 | Build | Barracks |
| 14:01 | Create | Fishing Ship |
| 14:02 | Create | Villager (Male) |
| 14:22 | Build | Market |
| 14:34 | Create | Militia |
| 14:34 | Create | Militia |
| 14:49 | Build | Blacksmith |
| 15:23 | Build | Watch Tower |
| 15:31 | Create | Villager (Male) |
| 15:31 | Create | Villager (Male) |
| 15:47 | Research | Castle Age |
| 16:05 | Create | Unit 2626 |
| 16:05 | Create | Unit 2626 |
| 16:29 | Research | Fletching |
| 16:52 | Create | Unit 2626 |
| 17:43 | Build | Dock |
| 18:30 | Build | Mining Camp |
| 18:40 | Create | Unit 2626 |
| 18:41 | Create | Unit 2626 |
| 18:42 | Create | Unit 2626 |
| 18:42 | Create | Unit 2626 |
| 18:47 | Build | House |
| 19:01 | Age | Castle Age |
| 19:27 | Research | Hand Cart |
| 19:33 | Build | Monastery |
| 19:45 | Build | Mining Camp |
| 19:49 | Create | Villager (Male) |
| 19:49 | Create | Villager (Male) |
| 21:12 | Build | Town Center |
| 21:16 | Create | Villager (Male) |
| 21:17 | Create | Villager (Male) |
| 21:23 | Research | Bow Saw |
| 21:44 | Create | Unit 2626 |
| 21:45 | Create | Unit 2626 |
| 22:16 | Create | Villager (Male) |
| 22:16 | Create | Villager (Male) |
| 22:39 | Create | Villager (Male) |
| 22:39 | Create | Villager (Male) |
| 22:50 | Create | Villager (Male) |
| 23:23 | Create | Militia |
| 23:45 | Build | Farm |
| 23:45 | Build | Farm |
| 23:45 | Build | Farm |
| 23:46 | Build | Farm |
| 23:47 | Build | Farm |
| 24:00 | Build | Town Center |
| 24:08 | Create | Villager (Male) |
| 24:08 | Create | Villager (Male) |
| 24:10 | Create | Villager (Male) |
| 24:19 | Build | House |
| 24:21 | Build | House |
| 24:40 | Create | Villager (Male) |
| 24:43 | Research | Heavy Plow |
| 25:02 | Create | Villager (Male) |
| 25:11 | Build | House |
| 25:13 | Build | House |
| 25:16 | Build | House |
| 25:17 | Build | House |
| 25:44 | Create | Villager (Male) |
| 25:49 | Create | Villager (Male) |
| 26:00 | Build | Town Center |
| 26:06 | Create | Villager (Male) |
| 26:06 | Create | Villager (Male) |
| 26:06 | Create | Villager (Male) |
| 26:06 | Create | Villager (Male) |
| 26:19 | Build | House |
| 26:27 | Build | House |
| 26:28 | Build | House |
| 26:35 | Create | Villager (Male) |
| 26:35 | Create | Villager (Male) |
| 27:01 | Build | Lumber Camp |
| 27:08 | Create | Villager (Male) |
| 27:30 | Build | Farm |
| 27:30 | Build | Farm |
| 27:31 | Build | Farm |
| 27:31 | Build | Farm |
| 27:32 | Build | Farm |
| 27:32 | Build | Farm |
| 27:33 | Build | Farm |
| 27:34 | Build | Farm |
| 27:35 | Build | Farm |
| 27:46 | Create | Monk |
| 27:51 | Create | Villager (Male) |
| 27:52 | Create | Villager (Male) |
| 27:53 | Create | Villager (Male) |
| 28:07 | Build | House |
| 28:09 | Build | House |
| 28:29 | Build | Stable |
| 28:55 | Build | Siege Workshop |
| 29:01 | Create | Villager (Male) |
| 29:01 | Create | Villager (Male) |
| 29:02 | Create | Villager (Male) |
| 29:25 | Create | Battering Ram |
| 29:26 | Create | Battering Ram |
| 29:35 | Build | Siege Workshop |
| 29:47 | Create | Knight |
| 29:47 | Create | Knight |
| 30:11 | Create | Battering Ram |
| 30:41 | Build | Farm |
| 30:42 | Build | Farm |
| 30:42 | Build | Farm |
| 30:43 | Build | Farm |
| 30:43 | Build | Farm |
| 30:44 | Build | Farm |
Build order — chrske
First 150 of 231 actions detected
| 0:20 | Build | Dock |
| 2:32 | Build | Town Center |
| 2:40 | Build | House |
| 2:42 | Build | House |
| 3:20 | Create | Villager (Male) |
| 3:20 | Create | Villager (Male) |
| 3:20 | Create | Villager (Male) |
| 3:21 | Create | Villager (Male) |
| 3:21 | Create | Villager (Male) |
| 4:12 | Create | Villager (Male) |
| 4:12 | Create | Villager (Male) |
| 4:42 | Build | House |
| 4:46 | Build | House |
| 4:52 | Create | Villager (Male) |
| 4:52 | Create | Villager (Male) |
| 5:24 | Create | Fishing Ship |
| 5:54 | Create | Fishing Ship |
| 6:25 | Create | Villager (Male) |
| 6:25 | Create | Villager (Male) |
| 6:26 | Create | Villager (Male) |
| 6:26 | Create | Villager (Male) |
| 6:34 | Create | Fishing Ship |
| 7:19 | Build | Dock |
| 7:23 | Create | Villager (Male) |
| 7:24 | Create | Villager (Male) |
| 7:27 | Create | Fishing Ship |
| 7:54 | Create | Villager (Male) |
| 7:54 | Create | Villager (Male) |
| 7:55 | Create | Fishing Ship |
| 8:08 | Build | House |
| 8:13 | Create | Fishing Ship |
| 8:29 | Research | Loom |
| 8:32 | Build | House |
| 8:39 | Create | Villager (Male) |
| 8:40 | Create | Villager (Male) |
| 8:46 | Create | Fishing Ship |
| 9:17 | Build | Mill |
| 9:39 | Create | Fishing Ship |
| 9:41 | Create | Villager (Male) |
| 9:41 | Create | Villager (Male) |
| 9:41 | Create | Villager (Male) |
| 9:47 | Build | House |
| 9:56 | Create | Fishing Ship |
| 10:09 | Build | Lumber Camp |
| 10:23 | Create | Fishing Ship |
| 10:36 | Create | Fishing Ship |
| 10:43 | Create | Villager (Male) |
| 10:46 | Create | Fishing Ship |
| 11:09 | Create | Fishing Ship |
| 11:16 | Build | House |
| 11:17 | Build | House |
| 11:27 | Create | Fishing Ship |
| 11:43 | Build | Dock |
| 12:11 | Research | Feudal Age |
| 12:27 | Build | House |
| 12:36 | Build | House |
| 12:39 | Create | Fishing Ship |
| 12:39 | Create | Fishing Ship |
| 12:39 | Create | Fishing Ship |
| 12:39 | Create | Fishing Ship |
| 12:50 | Build | Mining Camp |
| 13:02 | Build | House |
| 13:21 | Build | House |
| 13:28 | Create | Fishing Ship |
| 13:28 | Create | Fishing Ship |
| 13:43 | Create | Fishing Ship |
| 13:43 | Create | Fishing Ship |
| 14:13 | Create | Fishing Ship |
| 14:13 | Create | Fishing Ship |
| 14:21 | Age | Feudal Age |
| 14:26 | Build | Stone Wall |
| 14:32 | Create | Villager (Male) |
| 14:33 | Create | Villager (Male) |
| 14:34 | Create | Fishing Ship |
| 14:46 | Research | Tech 906 |
| 15:04 | Create | Fishing Ship |
| 15:23 | Research | Double-Bit Axe |
| 15:43 | Create | Villager (Male) |
| 15:43 | Create | Villager (Male) |
| 16:03 | Build | Market |
| 16:19 | Build | Blacksmith |
| 16:38 | Research | Castle Age |
| 16:55 | Research | Gold Mining |
| 17:10 | Build | Stone Wall |
| 17:16 | Research | Padded Archer Armor |
| 17:16 | Research | Fletching |
| 17:34 | Build | Dock |
| 17:47 | Build | Dock |
| 18:14 | Build | Lumber Camp |
| 18:56 | Create | Villager (Male) |
| 18:57 | Create | Villager (Male) |
| 18:57 | Create | Villager (Male) |
| 19:18 | Age | Castle Age |
| 19:19 | Research | Bow Saw |
| 19:22 | Create | Longboat ×3 |
| 19:22 | Create | Longboat ×3 |
| 19:30 | Research | Gold Shaft Mining |
| 19:44 | Build | Lumber Camp |
| 19:58 | Create | Longboat ×2 |
| 20:03 | Create | Villager (Male) |
| 20:03 | Create | Villager (Male) |
| 20:04 | Create | Villager (Male) |
| 20:21 | Build | University |
| 20:26 | Create | Villager (Male) |
| 20:26 | Create | Villager (Male) |
| 20:29 | Create | Longboat ×3 |
| 20:36 | Research | Leather Archer Armor |
| 20:59 | Build | Town Center |
| 21:05 | Create | Longboat |
| 21:05 | Create | Longboat |
| 21:20 | Create | Longboat |
| 21:28 | Create | Villager (Male) |
| 21:28 | Create | Villager (Male) |
| 21:29 | Create | Villager (Male) |
| 21:34 | Create | Longboat |
| 21:34 | Create | Longboat |
| 21:42 | Create | Longboat ×2 |
| 21:53 | Create | Longboat |
| 21:53 | Create | Longboat |
| 22:23 | Create | Villager (Male) |
| 22:23 | Create | Villager (Male) |
| 22:23 | Create | Villager (Male) |
| 22:24 | Create | Villager (Male) |
| 22:24 | Create | Villager (Male) |
| 22:24 | Create | Villager (Male) |
| 22:28 | Research | Gillnets |
| 22:43 | Research | Ballistics |
| 22:46 | Create | Longboat ×2 |
| 22:47 | Create | Longboat |
| 23:10 | Build | House |
| 23:10 | Build | House |
| 23:11 | Build | House |
| 23:11 | Build | House |
| 23:12 | Build | House |
| 23:13 | Build | House |
| 23:13 | Build | House |
| 23:21 | Build | House |
| 23:21 | Build | House |
| 23:22 | Build | House |
| 23:22 | Build | House |
| 23:23 | Build | House |
| 23:23 | Build | House |
| 24:01 | Create | Fishing Ship ×5 |
| 24:02 | Create | Fishing Ship ×3 |
| 24:02 | Create | Fishing Ship ×3 |
| 24:31 | Create | Villager (Male) |
| 24:32 | Create | Villager (Male) |
| 24:32 | Create | Villager (Male) |
| 24:32 | Create | Villager (Male) |
| 24:32 | Create | Villager (Male) |
Build order — Anark
First 150 of 314 actions detected
| 1:39 | Build | Town Center |
| 2:25 | Create | Villager (Male) |
| 2:26 | Create | Villager (Male) |
| 2:29 | Build | House |
| 3:16 | Create | Villager (Male) |
| 3:24 | Build | House |
| 3:35 | Create | Villager (Male) |
| 3:35 | Create | Villager (Male) |
| 3:35 | Create | Villager (Male) |
| 4:39 | Create | Villager (Male) |
| 5:08 | Create | Villager (Male) |
| 5:13 | Build | House |
| 5:41 | Build | Mill |
| 6:03 | Create | Villager (Male) |
| 6:03 | Create | Villager (Male) |
| 6:04 | Create | Villager (Male) |
| 6:04 | Create | Villager (Male) |
| 7:34 | Build | Lumber Camp |
| 7:38 | Create | Villager (Male) |
| 8:05 | Create | Villager (Male) |
| 8:10 | Build | Mill |
| 8:34 | Create | Villager (Male) |
| 8:38 | Research | Loom |
| 9:18 | Research | Feudal Age |
| 9:18 | Research | Feudal Age |
| 11:16 | Create | Villager (Male) |
| 11:34 | Age | Feudal Age |
| 11:37 | Build | House |
| 12:06 | Create | Villager (Male) |
| 12:20 | Build | Barracks |
| 12:34 | Create | Villager (Male) |
| 13:00 | Build | House |
| 13:12 | Create | Villager (Male) |
| 13:26 | Build | Mining Camp |
| 13:32 | Create | Villager (Male) |
| 13:47 | Build | Stable |
| 13:53 | Create | Villager (Male) |
| 13:58 | Research | Double-Bit Axe |
| 14:09 | Build | Mining Camp |
| 14:13 | Create | Villager (Male) |
| 14:38 | Create | Villager (Male) |
| 14:59 | Build | House |
| 15:05 | Create | Villager (Male) |
| 15:11 | Create | Villager (Male) |
| 15:30 | Build | Blacksmith |
| 16:03 | Research | Castle Age |
| 16:04 | Research | Castle Age |
| 16:16 | Build | Mining Camp |
| 16:19 | Create | Villager (Male) |
| 16:52 | Research | Horse Collar |
| 17:24 | Build | Farm |
| 17:27 | Build | Farm |
| 17:31 | Build | Farm |
| 17:38 | Build | Farm |
| 17:48 | Build | Farm |
| 17:55 | Build | Farm |
| 18:30 | Create | Villager (Male) |
| 18:47 | Age | Castle Age |
| 18:50 | Create | Villager (Male) |
| 19:00 | Build | Castle |
| 19:37 | Build | Farm |
| 19:47 | Create | Villager (Male) |
| 20:05 | Build | Farm |
| 20:06 | Build | Farm |
| 20:06 | Build | Farm |
| 20:06 | Build | Farm |
| 20:06 | Build | Farm |
| 20:06 | Build | Farm |
| 20:06 | Build | Farm |
| 20:07 | Build | Farm |
| 20:07 | Build | Farm |
| 20:07 | Build | Farm |
| 20:07 | Build | Farm |
| 20:23 | Create | Villager (Male) |
| 20:31 | Create | Villager (Male) |
| 20:36 | Research | Bow Saw |
| 20:47 | Create | Villager (Male) |
| 21:32 | Create | Villager (Male) |
| 21:37 | Research | Heavy Plow |
| 21:57 | Create | Villager (Male) |
| 22:18 | Create | Villager (Male) |
| 22:38 | Build | Market |
| 22:50 | Create | Villager (Male) |
| 23:06 | Create | Villager (Male) |
| 23:21 | Build | Town Center |
| 23:38 | Research | Corvinian Army |
| 23:50 | Create | Villager (Male) |
| 23:50 | Create | Villager (Male) |
| 23:54 | Research | Scale Barding Armor |
| 23:59 | Research | Gold Mining |
| 24:17 | Build | Castle |
| 24:32 | Create | Villager (Male) |
| 24:32 | Create | Villager (Male) |
| 24:38 | Create | Villager (Male) |
| 24:38 | Create | Villager (Male) |
| 24:40 | Create | Villager (Male) |
| 24:43 | Create | Villager (Male) |
| 24:58 | Build | Farm |
| 24:58 | Build | Farm |
| 24:58 | Build | Farm |
| 24:58 | Build | Farm |
| 24:58 | Build | Farm |
| 24:59 | Build | Farm |
| 24:59 | Build | Farm |
| 24:59 | Build | Farm |
| 24:59 | Build | Farm |
| 25:13 | Create | Villager (Male) |
| 25:40 | Create | Villager (Male) |
| 25:42 | Build | Farm |
| 25:53 | Build | Farm |
| 25:54 | Build | Farm |
| 25:56 | Create | Villager (Male) |
| 25:56 | Create | Villager (Male) |
| 26:12 | Create | Villager (Male) |
| 26:12 | Create | Villager (Male) |
| 26:27 | Build | Mining Camp |
| 26:46 | Research | Chain Barding Armor |
| 26:56 | Build | Mining Camp |
| 27:03 | Create | Villager (Male) |
| 27:03 | Create | Villager (Male) |
| 27:16 | Build | Farm |
| 27:19 | Build | Farm |
| 27:20 | Create | Villager (Male) |
| 27:20 | Create | Villager (Male) |
| 27:33 | Create | Magyar Huszar |
| 27:34 | Create | Magyar Huszar |
| 27:39 | Create | Villager (Male) |
| 27:39 | Create | Villager (Male) |
| 27:49 | Build | Farm |
| 27:50 | Build | Farm |
| 27:51 | Build | Farm |
| 27:52 | Create | Villager (Male) |
| 27:53 | Create | Villager (Male) |
| 28:01 | Research | Gold Shaft Mining |
| 28:06 | Create | Villager (Male) |
| 28:07 | Create | Villager (Male) |
| 28:19 | Create | Villager (Male) |
| 28:19 | Create | Villager (Male) |
| 28:26 | Create | Magyar Huszar |
| 28:26 | Create | Magyar Huszar |
| 28:44 | Build | Mining Camp |
| 28:51 | Build | Mill |
| 28:51 | Build | Farm |
| 28:51 | Build | Farm |
| 28:52 | Build | Farm |
| 28:52 | Build | Farm |
| 28:52 | Build | Farm |
| 28:55 | Create | Villager (Male) |
| 28:55 | Create | Villager (Male) |
| 29:04 | Create | Villager (Male) |
Build order — gabriellustosagr
First 150 of 180 actions detected
| 1:55 | Build | Town Center |
| 3:03 | Research | Loom |
| 3:05 | Build | House |
| 3:31 | Create | Villager (Male) |
| 3:31 | Create | Villager (Male) |
| 3:31 | Create | Villager (Male) |
| 3:32 | Create | Villager (Male) |
| 3:35 | Build | House |
| 3:41 | Create | Villager (Male) |
| 4:17 | Build | Dock |
| 4:44 | Create | Villager (Male) |
| 5:05 | Create | Fishing Ship |
| 5:05 | Create | Fishing Ship |
| 5:05 | Create | Fishing Ship |
| 5:05 | Create | Fishing Ship |
| 5:06 | Create | Fishing Ship |
| 6:04 | Create | Villager (Male) |
| 6:04 | Create | Villager (Male) |
| 6:04 | Create | Villager (Male) |
| 6:53 | Create | Villager (Male) |
| 6:53 | Create | Villager (Male) |
| 7:06 | Build | Settlement |
| 7:54 | Create | Villager (Male) |
| 7:54 | Create | Villager (Male) |
| 7:55 | Create | Villager (Male) |
| 8:04 | Build | Settlement |
| 8:06 | Create | Fishing Ship |
| 8:06 | Create | Fishing Ship |
| 8:10 | Build | House |
| 9:00 | Create | Villager (Male) |
| 9:44 | Build | Farm |
| 9:47 | Build | Farm |
| 9:48 | Create | Villager (Male) |
| 9:49 | Create | Villager (Male) |
| 10:20 | Build | Farm |
| 10:24 | Research | Feudal Age |
| 10:32 | Build | Barracks |
| 10:51 | Build | Settlement |
| 10:57 | Build | Palisade Wall |
| 10:59 | Build | Palisade Wall |
| 11:18 | Create | Unit 2550 |
| 11:19 | Create | Unit 2550 |
| 12:05 | Create | Fishing Ship |
| 12:05 | Create | Fishing Ship |
| 12:34 | Age | Feudal Age |
| 12:36 | Research | Double-Bit Axe |
| 12:39 | Research | Gold Mining |
| 12:44 | Create | Villager (Male) |
| 12:50 | Create | Unit 2550 |
| 13:09 | Create | Demolition Raft |
| 13:14 | Create | Fishing Ship |
| 13:14 | Create | Fishing Ship |
| 13:16 | Create | Villager (Male) |
| 13:18 | Create | Villager (Male) |
| 13:18 | Create | Villager (Male) |
| 13:18 | Create | Villager (Male) |
| 13:22 | Research | Wheelbarrow |
| 13:33 | Build | Farm |
| 13:43 | Build | Farm |
| 14:00 | Build | Outpost |
| 14:05 | Create | Unit 2550 |
| 14:07 | Research | Tech 1402 |
| 14:18 | Build | Farm |
| 14:30 | Create | Villager (Male) |
| 14:32 | Create | Unit 2550 |
| 14:37 | Create | Unit 2550 |
| 14:47 | Build | Farm |
| 14:58 | Research | Tech 906 |
| 16:00 | Create | Villager (Male) |
| 16:00 | Create | Villager (Male) |
| 16:04 | Build | Farm |
| 16:24 | Create | Villager (Male) |
| 17:31 | Create | Villager (Male) |
| 17:32 | Create | Villager (Male) |
| 17:47 | Build | Archery Range |
| 17:52 | Build | Blacksmith |
| 17:57 | Create | Villager (Male) |
| 18:23 | Build | Farm |
| 18:28 | Research | Castle Age |
| 18:38 | Build | Watch Tower |
| 18:40 | Research | Fletching |
| 19:08 | Build | Farm |
| 19:28 | Create | Archer |
| 19:29 | Create | Archer |
| 19:29 | Create | Archer |
| 19:46 | Create | Villager (Male) |
| 19:53 | Create | Spearman |
| 19:55 | Create | Spearman |
| 20:38 | Build | Farm |
| 20:41 | Build | Farm |
| 20:52 | Create | Archer |
| 21:00 | Build | Market |
| 21:01 | Create | Villager (Male) |
| 21:02 | Create | Villager (Male) |
| 21:08 | Age | Castle Age |
| 22:14 | Create | Skirmisher |
| 22:14 | Create | Skirmisher |
| 22:14 | Create | Skirmisher |
| 22:32 | Create | Villager (Male) |
| 22:35 | Create | Villager (Male) |
| 23:25 | Create | Skirmisher |
| 23:25 | Create | Skirmisher |
| 23:47 | Research | Bodkin Arrow |
| 24:19 | Create | Archer |
| 24:38 | Research | Padded Archer Armor |
| 24:38 | Research | Padded Archer Armor |
| 24:40 | Create | Villager (Male) |
| 24:40 | Create | Villager (Male) |
| 24:40 | Create | Villager (Male) |
| 24:51 | Create | Monk |
| 25:05 | Build | Siege Workshop |
| 25:39 | Build | University |
| 25:52 | Create | Monk |
| 26:10 | Build | Farm |
| 26:13 | Create | Villager (Male) |
| 26:13 | Create | Villager (Male) |
| 26:13 | Create | Villager (Male) |
| 26:29 | Create | Mangonel |
| 26:30 | Create | Mangonel |
| 26:57 | Create | Villager (Male) |
| 27:26 | Create | Villager (Male) |
| 27:27 | Create | Villager (Male) |
| 27:38 | Research | Gold Shaft Mining |
| 27:44 | Research | Horse Collar |
| 27:49 | Build | Farm |
| 28:01 | Build | Archery Range |
| 28:02 | Build | Archery Range |
| 28:30 | Create | Petard |
| 28:40 | Create | Battering Ram |
| 28:50 | Research | Crossbowman (upgrade) |
| 29:05 | Create | Archer |
| 29:25 | Create | Archer |
| 29:26 | Create | Archer |
| 29:26 | Create | Archer |
| 29:33 | Build | Farm |
| 29:33 | Build | Farm |
| 29:35 | Create | Villager (Male) |
| 29:49 | Create | Mangonel |
| 30:08 | Create | Archer |
| 30:09 | Create | Archer |
| 30:10 | Create | Archer |
| 30:12 | Create | Villager (Male) |
| 30:13 | Create | Villager (Male) |
| 30:22 | Create | Archer |
| 30:37 | Build | Farm |
| 30:39 | Create | Villager (Male) |
| 30:52 | Build | Town Center |
| 31:01 | Create | Archer |
| 31:01 | Create | Archer |
| 31:01 | Create | Archer |
Build order — skefre
First 150 of 224 actions detected
| 2:06 | Build | Town Center |
| 2:26 | Build | House |
| 2:29 | Build | House |
| 3:04 | Create | Villager (Male) |
| 3:04 | Create | Villager (Male) |
| 3:04 | Create | Villager (Male) |
| 3:05 | Create | Villager (Male) |
| 3:05 | Create | Villager (Male) |
| 3:40 | Create | Villager (Male) |
| 4:40 | Create | Villager (Male) |
| 4:40 | Create | Villager (Male) |
| 4:43 | Create | Villager (Male) |
| 5:03 | Build | Mining Camp |
| 5:08 | Create | Villager (Male) |
| 5:32 | Create | Villager (Male) |
| 5:35 | Create | Villager (Male) |
| 5:47 | Build | House |
| 5:49 | Build | House |
| 6:04 | Build | Dock |
| 6:24 | Create | Villager (Male) |
| 6:25 | Create | Villager (Male) |
| 6:27 | Create | Villager (Male) |
| 6:49 | Create | Villager (Male) |
| 6:49 | Create | Villager (Male) |
| 6:55 | Build | House |
| 6:57 | Build | House |
| 7:07 | Create | Fishing Ship |
| 7:34 | Create | Fishing Ship |
| 7:51 | Create | Villager (Male) |
| 7:51 | Create | Villager (Male) |
| 7:51 | Create | Villager (Male) |
| 7:52 | Create | Villager (Male) |
| 7:52 | Create | Villager (Male) |
| 7:52 | Create | Villager (Male) |
| 8:09 | Create | Villager (Male) |
| 8:10 | Create | Villager (Male) |
| 8:49 | Create | Fishing Ship |
| 8:59 | Create | Villager (Male) |
| 8:59 | Create | Villager (Male) |
| 8:59 | Create | Villager (Male) |
| 9:12 | Build | House |
| 9:49 | Build | House |
| 9:51 | Build | House |
| 10:08 | Research | Feudal Age |
| 10:12 | Create | Villager (Male) |
| 10:13 | Create | Villager (Male) |
| 10:13 | Create | Villager (Male) |
| 10:15 | Create | Villager (Male) |
| 10:49 | Build | Mining Camp |
| 10:58 | Create | Fishing Ship |
| 10:58 | Create | Fishing Ship |
| 11:14 | Build | House |
| 11:16 | Build | House |
| 11:37 | Create | Villager (Male) |
| 11:38 | Create | Villager (Male) |
| 11:39 | Create | Villager (Male) |
| 11:40 | Create | Villager (Male) |
| 11:40 | Create | Villager (Male) |
| 11:41 | Create | Villager (Male) |
| 11:41 | Create | Villager (Male) |
| 11:46 | Create | Fishing Ship |
| 11:46 | Create | Fishing Ship |
| 11:47 | Create | Fishing Ship |
| 11:48 | Create | Fishing Ship |
| 12:18 | Age | Feudal Age |
| 12:52 | Build | Barracks |
| 12:56 | Create | Villager (Male) |
| 12:57 | Create | Villager (Male) |
| 13:10 | Create | Demolition Raft |
| 13:10 | Create | Demolition Raft |
| 13:42 | Build | Watch Tower |
| 13:48 | Build | House |
| 13:51 | Build | House |
| 13:55 | Build | House |
| 14:07 | Create | Demolition Raft |
| 14:07 | Create | Demolition Raft |
| 14:19 | Create | Villager (Male) |
| 14:20 | Create | Villager (Male) |
| 14:20 | Create | Villager (Male) |
| 14:26 | Research | Loom |
| 14:27 | Research | Wheelbarrow |
| 14:28 | Create | Villager (Male) |
| 14:28 | Create | Villager (Male) |
| 14:28 | Create | Villager (Male) |
| 14:29 | Create | Villager (Male) |
| 14:29 | Create | Villager (Male) |
| 14:37 | Build | Lumber Camp |
| 15:47 | Build | Watch Tower |
| 16:42 | Create | Demolition Raft |
| 16:43 | Create | Demolition Raft |
| 16:43 | Create | Demolition Raft |
| 16:47 | Research | Tech 906 |
| 16:48 | Research | Tech 906 |
| 17:50 | Create | Villager (Male) |
| 17:51 | Create | Villager (Male) |
| 17:51 | Create | Villager (Male) |
| 17:51 | Create | Villager (Male) |
| 17:52 | Create | Villager (Male) |
| 17:52 | Create | Villager (Male) |
| 17:53 | Create | Villager (Male) |
| 17:53 | Create | Villager (Male) |
| 17:55 | Research | Double-Bit Axe |
| 18:07 | Build | Watch Tower |
| 18:11 | Build | Blacksmith |
| 18:41 | Build | Lumber Camp |
| 19:08 | Build | Mill |
| 19:12 | Create | Villager (Male) |
| 19:13 | Create | Villager (Male) |
| 19:13 | Create | Villager (Male) |
| 19:14 | Create | Villager (Male) |
| 19:29 | Create | Demolition Raft |
| 19:29 | Create | Demolition Raft |
| 19:30 | Create | Demolition Raft |
| 19:31 | Create | Demolition Raft |
| 19:31 | Create | Demolition Raft |
| 20:17 | Build | Stable |
| 20:28 | Build | Watch Tower |
| 20:46 | Research | Fletching |
| 21:30 | Build | House |
| 21:31 | Build | House |
| 21:56 | Build | Watch Tower |
| 23:11 | Build | Mill |
| 23:29 | Create | Villager (Male) |
| 23:30 | Create | Villager (Male) |
| 23:30 | Create | Villager (Male) |
| 24:42 | Create | Villager (Male) |
| 24:42 | Create | Villager (Male) |
| 24:42 | Create | Villager (Male) |
| 24:43 | Create | Villager (Male) |
| 24:54 | Create | Fishing Ship |
| 24:54 | Create | Fishing Ship |
| 24:54 | Create | Fishing Ship |
| 24:55 | Create | Fishing Ship |
| 24:55 | Create | Fishing Ship |
| 24:55 | Create | Fishing Ship |
| 24:55 | Create | Fishing Ship |
| 24:56 | Create | Fishing Ship |
| 24:56 | Create | Fishing Ship |
| 24:56 | Create | Fishing Ship |
| 24:56 | Create | Fishing Ship |
| 24:57 | Create | Fishing Ship |
| 26:16 | Build | Market |
| 26:29 | Create | Demolition Raft |
| 26:30 | Create | Demolition Raft |
| 27:01 | Research | Castle Age |
| 27:27 | Build | House |
| 27:27 | Build | House |
| 27:28 | Build | House |
| 27:51 | Build | House |
| 27:51 | Build | House |
Match timeline
| 0:10 | swiftarcher2 · first_building Dock |
| 0:20 | chrske · first_building Dock |
| 0:24 | MooCow · first_building Dock |
| 4:17 | gabriellustosagr · first_building Dock |
| 6:04 | skefre · first_building Dock |
| 10:20 | swiftarcher2 · first_building Barracks |
| 10:32 | gabriellustosagr · first_building Barracks |
| 10:57 | gabriellustosagr · wall_segment Palisade Wall x1 |
| 10:59 | gabriellustosagr · wall_segment Palisade Wall x1 |
| 11:04 | MooCow · age_up feudal |
| 11:34 | Anark · age_up feudal |
| 12:18 | skefre · age_up feudal |
| 12:20 | Anark · first_building Barracks |
| 12:34 | gabriellustosagr · age_up feudal |
| 12:52 | skefre · first_building Barracks |
| 12:54 | swiftarcher2 · age_up feudal |
| 13:47 | Anark · first_building Stable |
| 13:55 | MooCow · first_building Barracks |
| 14:21 | chrske · age_up feudal |
| 14:26 | chrske · wall_segment Stone Wall x15 |
| 15:30 | swiftarcher2 · first_market_sell 100 food |
| 17:10 | chrske · wall_segment Stone Wall x4 |
| 17:47 | gabriellustosagr · first_building Archery Range |
| 18:15 | swiftarcher2 · age_up castle |
| 18:47 | Anark · age_up castle |
| 19:00 | Anark · first_building Castle |
| 19:01 | MooCow · age_up castle |
| 19:18 | chrske · age_up castle |
| 19:33 | MooCow · first_building Monastery |
| 19:56 | chrske · first_market_sell 100 food |
| 19:57 | chrske · first_market_buy 100 wood |
| 20:17 | skefre · first_building Stable |
| 21:08 | gabriellustosagr · age_up castle |
| 23:35 | Anark · first_market_buy 100 food |
| 23:44 | gabriellustosagr · first_market_sell 100 food |
| 24:13 | swiftarcher2 · first_building Stable |
| 25:05 | gabriellustosagr · first_building Siege Workshop |
| 25:41 | chrske · first_building Monastery |
| 27:01 | swiftarcher2 · first_building Castle |
| 28:29 | MooCow · first_building Stable |
| 28:52 | chrske · first_building Castle |
| 28:55 | MooCow · first_building Siege Workshop |
| 29:15 | chrske · age_up imperial |
| 29:41 | skefre · age_up castle |
| 30:48 | gabriellustosagr · first_market_buy 100 stone |
| 30:59 | swiftarcher2 · tribute_sent a jugador 1 |
| 30:59 | swiftarcher2 · tribute_sent a jugador 2 |
| 30:59 | swiftarcher2 · tribute_sent a jugador 3 |
| 30:59 | swiftarcher2 · tribute_sent a jugador 5 |
| 30:59 | swiftarcher2 · tribute_sent a jugador 6 |
| 31:19 | swiftarcher2 · first_market_buy 100 food |
| 32:59 | skefre · first_building Castle |
| 34:26 | MooCow · first_building Castle |
| 34:47 | swiftarcher2 · age_up imperial |
| 34:51 | MooCow · first_building Archery Range |
| 37:23 | Anark · first_building Archery Range |
| 38:10 | swiftarcher2 · first_building Siege Workshop |
| 38:18 | gabriellustosagr · age_up imperial |
| 39:08 | Anark · age_up imperial |
| 39:32 | skefre · first_market_buy 100 stone |
| 43:10 | skefre · first_building Siege Workshop |
| 43:56 | MooCow · resign |
[ AI ANALYSIS · 1 CREDIT ]
What really happened in this match?
Wolo.gg analyzes every decision: build order, eco, micro, common mistakes by bracket. Personalized analysis on WhatsApp or Discord in 30 seconds.
Civ guide
Malians
Perfil
Jugador #8391813